 Dungeon Crawl Stone Soup version 0.29-a0-67-g1d65ae1bb4 (console) character file.

Game seed: 14103416292555169645

14182 Cab the Severer (level 11, -14/115 HPs)
             Began as a Demonspawn Fighter on Feb 3, 2022.
             Was an Initiate of Gozag.
             Demolished by a spark wasp (17 damage)
             ... on level 1 of the Lair of Beasts.
             The game lasted 01:09:40 (10651 turns).

Cab the Severer (Demonspawn Fighter)               Turns: 10651, Time: 01:09:41

Health: -14/115    AC: 21    Str: 20    XL:     11   Next: 85%
Magic:  11/11      EV:  6    Int: 10    God:    Gozag
Gold:   163        SH:  0    Dex: 13    Spells: 10/10 levels left

rFire   + . .      SeeInvis +   o - +7 battleaxe "Hinemnut" {vorpal, rC+}
rCold   + . .      Faith    .   (shield currently unavailable)
rNeg    . . .      Spirit   .   f - +0 plate armour
rPois   .          Reflect  .   (no helmet)
rElec   .          Harm     .   E - +0 cloak
rCorr   +          Rampage  .   w - +0 pair of gloves
Will    .....                   u - +1 pair of boots
Stlth   ..........              (no amulet)
HPRegen 1.09/turn               n - ring of see invisible
MPRegen 0.12/turn               (no ring)

@: berserking, very quick
A: claws 2, yellow scales 3, demonic guardian 1, powered by death 2, fire
resistance 1, frail 1, regeneration 1
a: Renounce Religion, Potion Petition, Call Merchant, Bribe Branch


You were on level 1 of the Lair of Beasts.
You worshipped Gozag.
Gozag was aware of your devotion.
You visited 2 branches of the dungeon, and saw 12 of its levels.
You also visited: Sewer.

You collected 2459 gold pieces.
You spent 490 gold pieces at shops.
You paid 1806 gold pieces to Gozag.

Inventory:

Hand Weapons
 a - a +0 war axe of freezing
 o - the +7 battleaxe "Hinemnut" (weapon) {vorpal, rC+}
   (You bought it in a shop on level 1 of the Lair of Beasts)

   It inflicts extra damage upon your enemies.
   rC:        It protects you from cold.
 I - a +2 war axe of electrocution
Missiles
 v - a throwing net (quivered)
Armour
 b - a +0 scale mail
 f - a +0 plate armour (worn)
 r - a +0 cloak
 u - a +1 pair of boots (worn)
 w - a +0 pair of gloves (worn)
 E - a +0 cloak (worn)
Jewellery
 h - a ring of willpower
 n - a ring of see invisible (left hand)
 s - a ring of magical power
 H - a +6 ring of intelligence
Wands
 y - a wand of polymorph (3)
 C - a wand of iceblast (1)
 D - a wand of flame (5)
Scrolls
 d - 2 scrolls of fog
 e - 2 scrolls of noise
 g - a scroll of identify
 j - 3 scrolls of summoning
 k - 2 scrolls of immolation
 l - a scroll of magic mapping
 p - 2 scrolls of blinking
 A - a scroll of fear
 G - a scroll of teleportation
Potions
 i - a potion of curing
 m - 3 potions of brilliance
 q - a potion of resistance
 t - 2 potions of haste
 x - 2 potions of cancellation
 z - a potion of heal wounds
 B - a potion of flight


   Skills:
 - Level 8.0 Fighting
 + Level 15.6 Axes
 + Level 5.3 Armour
 - Level 2.6 Shields
 - Level 0.7 Evocations


You had 10 spell levels left.
You didn't know any spells.
Your spell library contained the following spells:

 Spells                   Type           Power      Damage    Failure   Level
 Animate Skeleton         Necr           0%         N/A       100%        1
 Apportation              Tloc           0%         N/A       100%        1
 Magic Dart               Conj           0%         1d3       100%        1
 Summon Small Mammal      Summ           0%         N/A       100%        1
 Call Imp                 Summ           0%         N/A       100%        2
 Scorch                   Fire           0%         2d5       100%        2
 Dazzling Flash           Conj/Hex       0%         N/A       100%        3
 Ignite Poison            Fire/Tmut/Pois 0%         N/A       100%        3
 Mephitic Cloud           Conj/Pois/Air  0%         N/A       100%        3
 Airstrike                Air            0%         N/A       100%        4
 Flame Wave               Conj/Fire      0%         2d4       100%        4
 Summon Lightning Spire   Summ/Air       0%         N/A       100%        4
 Agony                    Necr           0%         N/A       100%        5
 Alistair's Intoxication  Tmut/Pois      0%         N/A       100%        5
 Borgnjor's Vile Clutch   Necr/Erth      0%         N/A       100%        5
 Freezing Cloud           Conj/Ice/Air   0%         6-21      100%        5
 Lightning Bolt           Conj/Air       0%         1d11      100%        5
 Silence                  Hex/Air        0%         N/A       100%        5
 Eringya's Noxious Bog    Tmut/Pois      0%         N/A       100%        6
 Summon Cactus Giant      Summ           0%         N/A       100%        6


Dungeon Overview and Level Annotations

Branches:
Dungeon (11/15)            Temple (0/1) D:5            Lair (1/6) D:11
    Orc (0/2) D:11          Sewer (visited)

Altars:
Cheibriados
Dithmenos
Gozag
Kikubaaqudgha
Makhleb
Nemelex Xobeh
Qazlal
Sif Muna
Wu Jian

Shops:
D:1 *   D:8 ***   Lair:1 (

Annotations:
D:7 3 runed translucent doors, caleiya's ghost, novice GrFi
D:10 exclusion: obsidian statue


Innate Abilities, Weirdness & Mutations

You have very sharp fingernails.
You are completely covered in yellow scales. (AC +4, rCorr)
A weak demonic guardian rushes to your aid.
You regenerate health from kills.
Your flesh is heat resistant. (rF+)
You are frail. (-10% HP)
Your natural rate of healing is unusually fast.


Message History

You hit the spark wasp.
The spark wasp is moderately wounded.
The spark wasp barely misses you.
You slash the spark wasp!
The spark wasp is heavily wounded.
The spark wasp stings you! The spark wasp shocks you!
A demonic guardian appears!
The spark wasp stings you!! The spark wasp shocks you!
You barely miss the spark wasp.
The spark wasp is moderately wounded.
The spark wasp stings you!
* * * LOW HITPOINT WARNING * * *
The spark wasp shocks you!
* * * LOW HITPOINT WARNING * * *
You swap places.
Your shadow imp misses the spark wasp.
The spark wasp stings your shadow imp!
Your shadow imp dies!
Your shadow imp disappears in a puff of smoke! [a] - 270 gold - resistance [b] - 377 gold - heal wounds, curing and berserk rage [c] - 630 gold - heal wounds, curing, magic, resistance and might Purchase which effect?
You no longer have enough gold to petition Gozag for potion effects.
You feel much better.
You feel better.
A red film seems to cover your vision as you go berserk!
You feel yourself moving faster!
You feel mighty! The spark wasp stings you. The spark wasp shocks you!
You barely miss the spark wasp.
The spark wasp is moderately wounded.
The spark wasp stings you!!
* * * LOW HITPOINT WARNING * * *
The spark wasp shocks you!
* * * LOW HITPOINT WARNING * * *
You closely miss the spark wasp.
The spark wasp is moderately wounded.
The spark wasp stings you.
* * * LOW HITPOINT WARNING * * *
The spark wasp shocks you!
You die...
Your body crumbles into a pile of gold. ▒∙∙∙P▒▒▒∙∙∙∙∙∙∙∙ ▒∙∙∙∙∙∙∙∙∙∙∙∙∙∙∙∙ ▒∙∙∙$∙∙∙∙∙∙∙∙∙∙∙∙ ▒∙∙∙▒∙∙▒∙∙∙∙∙∙∙∙∙ ∙∙∙∙∙∙∙∙∙∙∙∙∙∙∙∙▒▒▒ ∙∙∙∙∙∙∙∙∙∙∙∙∙∙∙∙∙∙∙ ∙∙∙∙∙∙∙∙∙∙∙∙∙∙∙∙∙∙∙ ∙∙∙∙∙∙∙∙∙∙∙∙∙∙∙∙∙∙

∙∙∙∙∙∙∙∙y@∙∙∙∙∙∙▒▒
∙▒▒▒∙P∙▒∙∙∙∙∙∙∙∙∙▒
▒▒▒▒▒∙∙∙∙∙∙∙∙∙▒▒
▒∙∙∙∙∙∙∙∙∙∙∙▒∙
▒▒∙∙∙▒∙∙∙∙∙∙∙∙ $
▒∙∙∙∙▒∙∙∙∙∙▒▒∙
▒▒▒▒∙▒∙∙∙∙∙▒
▒∙▒∙∙∙∙∙▒
▒▒▒▒∙▒▒▒∙▒▒▒


You could see a spark wasp.

Vanquished Creatures
  A two-headed ogre (D:11)
  An ugly thing (D:11)
  A cyclops (D:11)
  A manticore (D:9)
  A black mamba (Lair:1)
  2 unseen horrors (D:11)
  3 trolls
  6 slime creatures
  3 shadows (D:11)
  A wraith (D:11)
  A wyvern (D:9)
  A water elemental (D:11)
  A basilisk (Lair:1)
  22 yaks
  Duvessa (D:7)
  2 water moccasins
  An ogre (D:5)
  3 ice beasts
  4 orc warriors
  2 black bears
  3 necrophages
  3 wolves (D:11)
  2 centaurs
  The ghost of ahri the Insei, an amateur OpTm (D:4)
  2 phantoms
  5 bullfrogs
  A gnoll sergeant (D:10)
  A scorpion (D:4)
  Dowan (D:7)
  7 killer bees
  2 howler monkeys
  A troll zombie (D:11)
  5 wights (D:9)
  4 electric eels (D:11)
  A lava snake (D:10)
  6 centaur zombies
  5 orc priests
  5 hounds
  2 centaur skeletons
  2 gnoll shamans
  A scorpion zombie (D:5)
  2 iguanas
  5 orc wizards
  A killer bee zombie (D:4)
  7 ogre zombies (D:11)
  A howler monkey zombie (D:10)
  A howler monkey skeleton (D:5)
  8 gnolls
  5 river rats (D:4)
  9 adders
  A shadow imp (D:8)
  A white imp (D:6)
  An ufetubus (D:4)
  7 worms
  A dart slug (D:1)
  26 orcs
  6 endoplasms
  2 giant cockroaches
  8 goblins
  6 hobgoblins
  16 kobolds
  A quokka (D:4)
  14 ball pythons
  5 bats
  5 frilled lizards
  2 goblin skeletons (D:11)
  3 goblin zombies (D:11)
  A hobgoblin skeleton (D:11)
  2 hobgoblin zombies (D:11)
  A jackal skeleton (D:4)
  8 orc skeletons (D:11)
  9 orc zombies (D:11)
  5 rats
  2 rat zombies (D:10)
290 creatures vanquished.

Vanquished Creatures (collateral kills)
  A wyvern (D:10)
  A kobold brigand (D:8)
  A bullfrog skeleton (D:7)
  An orc priest (D:6)
  A killer bee zombie (D:9)
  A howler monkey zombie (D:10)
  An adder (D:2)
  3 gnolls
  2 orcs
  A bat (D:1)
13 creatures vanquished.

Vanquished Creatures (others)
  An ogre (D:7)
  An iguana (D:7)
  11 plants
13 creatures vanquished.

Grand Total: 316 creatures vanquished

Notes
Turn   | Place    | Note
-------+----------+-------------------------------------------
     0 | D:1      | Cab the Demonspawn Fighter began the quest for the Orb.
     0 | D:1      | Reached XP level 1. HP: 18/18 MP: 1/1
    24 | D:1      | Reached skill level 2 in Axes
    37 | D:1      | Gained mutation: A weak demonic guardian rushes to your
                  | aid. [demonic ancestry]
    37 | D:1      | Reached XP level 2. HP: 14/24 MP: 2/2
   204 | D:1      | Found Susybin's Assorted Antiques.
   337 | D:1      | Reached skill level 3 in Axes
   495 | D:1      | Found a faded altar of an unknown god.
   684 | D:1      | Gained mutation: You regenerate a little health from kills.
                  | [demonic ancestry]
   684 | D:1      | Reached XP level 3. HP: 29/29 MP: 3/3
  1402 | D:2      | Found a shimmering blue altar of Sif Muna.
  1804 | D:2      | You fall into a shaft and drop 1 floor!
  1845 | D:3      | Reached skill level 4 in Axes
  1845 | D:3      | Reached XP level 4. HP: 32/35 MP: 4/4
  2430 | D:3      | Found an opulent altar of Gozag.
  2448 | D:3      | Became a worshipper of Gozag Ym Sagoz the Greedy
  2548 | D:3      | Found a shadowy altar of Dithmenos.
  2588 | D:3      | Found a snail-covered altar of Cheibriados.
  2865 | D:4      | Noticed a scorpion
  2876 | D:4      | Killed a scorpion
  2877 | D:4      | Reached skill level 5 in Axes
  2877 | D:4      | Gained mutation: You have sharp fingernails. [demonic
                  | ancestry]
  2877 | D:4      | Reached XP level 5. HP: 28/41 MP: 5/5
  3079 | D:4      | Gained mutation: You are frail. (-10% HP) [potion of
                  | mutation]
  3079 | D:4      | Gained mutation: Your flesh is heat resistant. (rF+)
                  | [potion of mutation]
  3079 | D:4      | Gained mutation: Your natural rate of healing is unusually
                  | fast. [potion of mutation]
  3100 | D:4      | Gained mutation: You are partially covered in yellow
                  | scales. (AC +2) [demonic ancestry]
  3100 | D:4      | Reached XP level 6. HP: 26/42 MP: 6/6
  3180 | D:4      | Reached skill level 6 in Axes
  3210 | D:4      | Found a glowing drain.
  3215 | Sewer    | Entered a sewer
  3736 | D:4      | Found a runed translucent gate.
  3736 | D:4      | Found a runed translucent gate.
  3737 | D:4      | Found a runed translucent gate.
  3743 | D:4      | Noticed ahri's ghost (amateur OpTm)
  3832 | D:4      | Found a burning altar of Makhleb.
  3897 | D:4      | Found a shimmering blue altar of Sif Muna.
  4010 | D:5      | Entered Level 5 of the Dungeon
  4111 | D:5      | HP: 1/42 [orc priest/nerve-wracking pain (9)]
  4248 | D:5      | Reached skill level 7 in Axes
  4248 | D:5      | Gained mutation: You regenerate health from kills. [demonic
                  | ancestry]
  4248 | D:5      | Reached XP level 7. HP: 46/46 MP: 7/7
  4283 | D:5      | Found a staircase to the Ecumenical Temple.
  4402 | D:5      | Reached skill level 8 in Axes
  4574 | D:5      | Reached XP level 8. HP: 52/52 MP: 8/8
  4852 | D:6      | Reached skill level 9 in Axes
  5748 | D:7      | Found a stormy altar of Qazlal.
  5888 | D:7      | Found a runed translucent gate.
  5888 | D:7      | Found a runed translucent gate.
  5888 | D:7      | Found a runed translucent gate.
  5889 | D:7      | Noticed a kobold demonologist
  5889 | D:7      | Noticed caleiya's ghost (novice GrFi)
  5900 | D:7      | Reached skill level 10 in Axes
  5988 | D:7      | Noticed Dowan
  5988 | D:7      | Noticed Duvessa
  5991 | D:7      | Gained mutation: You are mostly covered in yellow scales.
                  | (AC +3) [demonic ancestry]
  5991 | D:7      | Reached XP level 9. HP: 57/58 MP: 9/9
  5997 | D:7      | Killed Duvessa
  5999 | D:7      | Killed Dowan
  6332 | D:8      | Reached skill level 11 in Axes
  6359 | D:8      | Found Tdiejukeo's Tempting Trifles.
  6370 | D:8      | Bought a scroll of teleportation for 39 gold pieces
  6570 | D:8      | Reached skill level 5 in Fighting
  6907 | D:8      | Found Poahuvog's Specific Store.
  6909 | D:8      | Found Qarruat's General Store.
  6914 | D:8      | Bought a scroll of fear for 45 gold pieces
  6914 | D:8      | Bought a potion of flight for 39 gold pieces
  6914 | D:8      | Bought a wand of iceblast (3) for 91 gold pieces
  6989 | D:9      | Found a sparkling altar of Nemelex Xobeh.
  7414 | D:9      | Reached skill level 12 in Axes
  7476 | D:9      | Found an ornate altar of the Wu Jian Council.
  7594 | D:9      | Noticed a manticore
  7607 | D:9      | Killed a manticore
  7608 | D:9      | Gained mutation: You have very sharp fingernails. [demonic
                  | ancestry]
  7608 | D:9      | Reached XP level 10. HP: 23/68 MP: 10/10
  7756 | D:10     | Entered Level 10 of the Dungeon
  7776 | D:10     | Identified the +4 scale mail "Hulo" {Rampage *Slow rC+++
                  | rN++}
  7942 | D:11     | Noticed a two-headed ogre
  7955 | D:11     | Killed a two-headed ogre
  7972 | D:11     | Reached skill level 13 in Axes
  8005 | D:11     | Noticed a cyclops
  8287 | D:10     | Noticed an obsidian statue
  8568 | D:4      | Killed ahri's ghost
  9016 | D:10     | Gained mutation: You are completely covered in yellow
                  | scales. (AC +4, rCorr) [demonic ancestry]
  9016 | D:10     | Reached XP level 11. HP: 73/77 MP: 11/11
  9031 | D:10     | Reached skill level 14 in Axes
  9205 | D:10     | Found an ancient bone altar of Kikubaaqudgha.
  9701 | D:11     | Found a staircase to the Orcish Mines.
  9803 | D:11     | Noticed a purple ugly thing
  9812 | D:11     | Killed a purple ugly thing
 10018 | D:11     | Reached skill level 15 in Axes
 10050 | D:11     | Found a staircase to the Lair.
 10298 | Lair:1   | Entered Level 1 of the Lair of Beasts
 10303 | Lair:1   | Bought an iridescent battleaxe for 276 gold pieces
 10303 | Lair:1   | Identified the +7 battleaxe "Hinemnut" {vorpal, rC+} (You
                  | bought it in a shop on level 1 of the Lair of Beasts)
 10456 | Lair:1   | Reached skill level 5 in Armour
 10637 | Lair:1   | Noticed a four-headed hydra
 10639 | Lair:1   | Noticed a spark wasp
 10639 | Lair:1   | a four-headed hydra changed into a spark wasp
 10647 | Lair:1   | HP: 2/77 [spark wasp (16)]
 10651 | Lair:1   | Demolished by a spark wasp

Illustrated notes

Levels and vault maps discovered:
D:1:      minmay_arrival_semitransparent, layout_basic,
          dreamdust_ecumenical_altar_angels_and_demons, serial_rivers,
          chequers_serial_rivers_micro_c, chequers_serial_rivers_micro_e,
          chequers_serial_rivers_large_b, chequers_serial_rivers_large_a,
          chequers_serial_rivers_marsh, serial_shops, shop_fountains,
          kennysheep_decorative_pillar
D:2:      layout_loops_ring, basic_altar
D:3:      layout_basic, mainiacjoe_overflow_surrounded_room,
          mainiacjoe_overflow_tiny_flanked, mainiacjoe_overflow_alcove_2
D:4:      layout_cave_pools, led_sif_book, mainiacjoe_overflow_alcove_1,
          gammafunk_ghost_necromancy, lightli_sewer_entry_pipes,
          nicolae_wormholes
D:5:      layout_loops_ring, minmay_temple_entry_waves
D:6:      layout_loops_corners
D:7:      layout_cave_pools, lemuel_crystal_altar,
          gammafunk_ghost_nasty_kobolds, minmay_curled_crystal, uniq_duvessa
D:8:      layout_basic, serial_bayou_lagoon_a, nicolae_alphabet_shops,
          nicolae_specific_store, grunt_decor_one_mirror, minmay_misc_feat_doors
D:9:      layout_loops_ring, nzn_wu_jian_contemplation,
          nemelex_diamond_rough_becter
D:10:     layout_big_octagon, lemuel_zombie_altar_kikubaaqudgha,
          grunt_decor_junction, minmay_protected_statue
D:11:     layout_small_grid, erik_lair_island, zombieorc2_lemuel
Lair:1:   layout_gridlike, lemuel_fruit_tree

Skill      XL: |  1  2  3  4  5  6  7  8  9 10 11 |
---------------+----------------------------------+-----
Axes           | 2 3 4 5 7 8 10 12 13 15 | 15.6
Armour         | 3 5 |  5.3
Fighting       | 4 6 8 |  8.0
Shields        | |  2.6
Evocations     | |  0.7

Action                   |  1- 3 |  4- 6 |  7- 9 | 10-12 || total
-------------------------+-------+-------+-------+-------++-------
Melee: War axe           |   119 |   202 |   360 |   347 ||  1028
       Battleaxe         |       |       |     6 |    90 ||    96
Invok: Potion Petition   |       |       |     1 |     2 ||     3
       Call Merchant     |       |       |       |     1 ||     1
Evoke: Wand              |       |     4 |    10 |    10 ||    24
  Use: Potion            |     1 |     3 |     3 |     3 ||    10
       Scroll            |       |     2 |    13 |     8 ||    23
 Stab: Distracted        |       |       |     2 |     8 ||    10
       Invisible         |       |       |       |     4 ||     4
Armor: Scale mail        |    38 |       |       |       ||    38
       Plate armour      |    52 |   146 |   237 |   236 ||   671
Dodge: Dodged            |    39 |    48 |    67 |    94 ||   248
Block: Buckler           |    32 |    48 |    57 |    49 ||   186

Table legend: (Time is in decaauts)
 A = Elapsed time spent in this place.
 B = Non-inter-level travel time spent in this place.
 C = Inter-level travel time spent in this place.
 D = Time resting spent in this place.
 E = Time spent auto-exploring this place.
 F = Levels seen in this place.
 G = Mean time per level.
                   A        B        C        D        E       F      G
               +--------+--------+--------+--------+--------+-----+--------+
         Total |  10873 |  10382 |    491 |     98 |   5717 |  13 |  836.4 |
       Dungeon |  10151 |   9661 |    490 |     98 |   5508 |  11 |  922.8 |
          Lair |    350 |    350 |      0 |      0 |     51 |   1 |  350.0 |
         Sewer |    372 |    372 |      0 |      0 |    158 |   1 |  372.0 |
               +--------+--------+--------+--------+--------+-----+--------+

Top non-repeatable levels by time:
     D:1: 1334 daAuts
     D:4: 1105 daAuts
    D:11: 1041 daAuts
     D:6: 1028 daAuts
    D:10: 1007 daAuts
     D:9: 835 daAuts
     D:5: 812 daAuts
     D:2: 802 daAuts
     D:3: 793 daAuts
     D:8: 739 daAuts
     D:7: 649 daAuts
   Sewer: 372 daAuts
  Lair:1: 350 daAuts
